AoeStats
← aDT_The Night Panda

MegaRandom

507961429Analyzed
4v4 RM · 12d ago on Sep 20, 2026· 44m 20s· 8 players
Game mode
Random Map
Map size
Large (8 player)
Population
200
Speed
Normal
Resources
Standard
Victory
Conquest
Starting age
Dark Age
Ending age
Imperial Age
RankedLock teamsTeams togetherTeam positionsShared explorationLock speedFull tech treeHidden civsTurbo modeCheats
Victory
Defeat
🇫🇮 Gurjaras · Finland
1675
+12
🇧🇷 Ethiopians · Brazil
1626
+14
🇺🇸 Britons · United States
1601
+15
🇸🇮 Khitans · Slovenia
1598
+15
🇩🇰 Armenians · Denmark
1764
-21
🇩🇰 Shu · Denmark
1590
-14
🇩🇰 Saracens · Denmark
1580
-14
🇩🇰 Wu · Denmark
1401
-7
scoop
9:26 Loom
11:24 Feudal Age
12:27 Double-Bit Axe
15:16 Castle Age
13:52 Horse Collar
14:41 Fletching
15:51 Crossbowman
16:47 Loom
20:47 Bodkin Arrow
23:53 Bow Saw
26:01 Wheelbarrow
28:34 Hand Cart
28:20 Heavy Plow
30:04 Stone Mining
30:05 Gold Mining
30:02 Town Watch
30:41 Ballistics
31:03 Padded Archer Armor
33:50 Imperial Age
32:28 Gold Shaft Mining
35:12 Bracer
35:27 Leather Archer Armor
36:14 Chemistry
35:21 Siege Engineers
36:00 Fortified Wall
36:24 Conscription
36:46 Coinage
36:26 Elite Longbowman
37:54 Treadmill Crane
38:25 Masonry
40:22 Warwolf
42:55 Ring Archer Armor
42:57 Scale Mail Armor
44:33 Banking
45:00 Yeomen
Flash_br
8:31 Loom
10:43 Feudal Age
15:18 Castle Age
13:37 Double-Bit Axe
14:58 Gold Mining
15:31 Fletching
15:26 Crossbowman
16:34 Bodkin Arrow
18:01 Horse Collar
19:35 Ballistics
20:25 Padded Archer Armor
22:33 Bow Saw
27:25 Wheelbarrow
27:15 Thumb Ring
28:45 Leather Archer Armor
29:20 Town Watch
32:06 Stone Mining
32:57 Fervor
35:29 Imperial Age
33:58 Heavy Plow
34:51 Hand Cart
35:42 Arbalester
36:23 Bracer
37:25 Chemistry
37:31 Ring Archer Armor
37:14 Masonry
38:29 Two-Man Saw
38:30 Conscription
40:53 Architecture
40:19 Murder Holes
43:37 Coinage
43:55 Gold Shaft Mining
44:49 Scale Mail Armor
King-Arthur
7:50 Loom
10:07 Feudal Age
15:29 Castle Age
13:54 Double-Bit Axe
14:08 Horse Collar
15:37 Scale Barding Armor
16:23 Bow Saw
16:37 Husbandry
19:49 Chain Barding Armor
24:16 Bloodlines
25:37 Wheelbarrow
25:09 Town Watch
31:42 Imperial Age
30:00 Gold Mining
30:35 Forging
30:15 Fletching
32:24 Iron Casting
32:00 Elite Shrivamsha Rider
33:53 Plate Barding Armor
39:09 Conscription
40:06 Heavy Plow
42:50 Hand Cart
43:15 Gold Shaft Mining
42:49 Heavy Camel Rider
A spoon full of love
5:48 Loom
8:31 Feudal Age
9:16 Double-Bit Axe
13:32 Domestication
15:03 Forging
17:16 Scale Barding Armor
22:54 Castle Age
23:47 Husbandry
24:23 Iron Casting
24:53 Chain Barding Armor
34:05 Wheelbarrow
35:37 Hand Cart
35:46 Bow Saw
35:46 Pastoralism
37:07 Town Watch
37:44 Gold Mining
38:44 Stone Mining
43:07 Imperial Age
42:59 Fletching
43:46 Bodkin Arrow
43:23 Elite Steppe Lancer
DK | murphelele
9:08 Loom
10:54 Feudal Age
14:54 Castle Age
12:52 Double-Bit Axe
12:49 Horse Collar
14:26 Stone Mining
18:07 Fletching
19:15 Bodkin Arrow
23:39 Padded Archer Armor
26:15 Ballistics
27:48 Leather Archer Armor
31:43 Red Cliffs Tactics
35:01 Town Watch
43:19 Town Watch
46:41 Imperial Age
DK | MadsKillz
7:49 Loom
10:19 Feudal Age
15:08 Castle Age
13:30 Fletching
13:30 Double-Bit Axe
14:04 Fletching
14:36 Gold Mining
15:50 Crossbowman
18:53 Horse Collar
22:34 Bow Saw
33:00 Scale Mail Armor
34:33 Chain Mail Armor
36:32 Squires
42:52 Wheelbarrow
aDT_The Night Panda
9:34 Feudal Age
7:49 Loom
11:55 Double-Bit Axe
14:19 Castle Age
12:44 Double-Bit Axe
15:14 Bow Saw
15:45 Horse Collar
20:37 Wheelbarrow
23:05 Town Watch
23:32 Heavy Plow
23:35 Gold Mining
23:38 Stone Mining
25:35 Hand Cart
27:54 Gold Mining
31:33 Imperial Age
29:48 Fletching
29:59 Padded Archer Armor
30:33 Bodkin Arrow
31:04 Ballistics
32:07 Gold Shaft Mining
32:29 Bracer
33:30 Chemistry
33:00 Conscription
33:14 Leather Archer Armor
32:51 Elite Composite Bowman
35:42 Ring Archer Armor
36:35 Coinage
40:41 Banking
Kejserguldbajer 2.
10:06 Loom
11:51 Feudal Age
13:10 Horse Collar
13:17 Double-Bit Axe
16:08 Castle Age
17:19 Bow Saw
20:29 Fletching
28:01 Town Watch
29:11 Wheelbarrow
30:55 Hand Cart
35:05 Imperial Age
33:48 Scale Barding Armor
33:53 Forging
35:02 Bloodlines
34:53 Husbandry
35:14 Chain Barding Armor
35:08 Heavy Camel Rider
36:16 Light Cavalry
37:43 Plate Barding Armor
38:23 Iron Casting
37:57 Hussar
40:38 Blast Furnace
Connection lost

Rejoining the realm…

Still unreachable

The connection could not be restored.

Session expired

The server has moved on; the page needs a fresh start.